 Dungeon Crawl Stone Soup version 0.30-a0-953-g5f1da4a474 (webtiles) character file.

Game seed: 12442384727925639966

399 mopl the Carver (level 6, -2/47 HPs)
             Began as a Merfolk Fighter on Mar 28, 2023.
             Slain by an orc priest
             ... wielding a +0 mace
              (8 damage)
             ... on level 4 of the Dungeon.
             The game lasted 00:05:40 (2739 turns).

mopl the Carver (Merfolk Fighter)                   Turns: 2739, Time: 00:05:41

Health: -2/47      AC:  9    Str: 19    XL:     6   Next: 84%
Magic:  6/6        EV:  6    Int:  7    God:
Gold:   133        SH:  4    Dex: 13    Spells: 5/5 levels left

rFire   . . .      SeeInvis +    a - +0 long sword
rCold   . . .      Faith    .    c - +0 buckler
rNeg    . . .      Spirit   .    g - +0 chain mail
rPois   .          Reflect  .    w - +0 mask of the Dragon {Will+ Slay+3 SInv}
rElec   .          Rampage  .    u - +0 cloak
rCorr   .                        (no gloves)
Will    +....                    (no boots) Stlth
                                 (no amulet)
HPRegen 0.27/turn                (no ring)
MPRegen 0.10/turn                (no ring)

@: no status effects
A: (nimble swimmer 2), mertail
a: no special abilities


You were on level 4 of the Dungeon.
You visited 1 branch of the dungeon, and saw 4 of its levels.
You also visited: Sewer.

You collected 133 gold pieces.

Inventory:

Hand Weapons
 a - a +0 long sword (weapon)
Missiles
 b - 9 poisoned darts (quivered)
 p - 2 boomerangs
Armour
 c - a +0 buckler (worn)
 g - a +0 chain mail (worn)
 o - a +0 plate armour
 u - a +0 cloak (worn)
 w - the +0 mask of the Dragon (worn) {Will+ Slay+3 SInv}
   (You found it on level 3 of the Dungeon)

   Slay:      It affects your accuracy & damage with ranged weapons and melee
   (+3).
   SInv:      It lets you see invisible.
   Will:      It increases your willpower.
Jewellery
 n - a ring of ice
Scrolls
 e - 3 scrolls of identify {unknown}
 h - 3 scrolls of fear {unknown}
 j - a scroll of enchant armour {unknown}
 k - a scroll of immolation {unknown}
 l - 3 scrolls of blinking {unknown}
 q - 3 scrolls of enchant weapon {unknown}
 r - a scroll of teleportation {unknown}
 s - a scroll of poison {unknown}
Potions
 d - 3 potions of might
 f - 3 potions of heal wounds {unknown}
 i - a potion of mutation {unknown}
 m - a potion of curing {unknown}
 t - a potion of lignification {unknown}
 v - a potion of haste {unknown}
 x - 2 potions of invisibility {unknown}
 z - a potion of cancellation {unknown}


   Skills:
 - Level 3.2 Fighting
 + Level 8.5 Long Blades
 - Level 2.1 Armour
 - Level 3.0 Shields


You had 5 spell levels left.
You didn't know any spells.
Your spell library contained the following spells:

 Spells                   Type           Power      Damage    Failure   Level
 Ensorcelled Hibernation  Hex/Ice        0%         N/A       100%        2
 Passwall                 Tmut/Erth      0%         N/A       100%        2
 Swiftness                Air            0%         N/A       100%        3


Dungeon Overview and Level Annotations

Branches:
Dungeon (4/15)              Sewer (visited)
 Temple: D:4-7

Altars:


Innate Abilities, Weirdness & Mutations

((You are very nimble when in or above water. (Stealth+, EV+, Speed+++)))
Your lower body shifts to a powerful aquatic tail in water.


Message History

You hit the orc.
The orc is heavily wounded.
The orc hits you but does no damage.
The orc priest miscasts a cantrip.
The orc hits you with a +0 war axe.
You slash the orc!
You kill the orc!
The orc barely misses you. The orc hits you with a +0 mace.
You barely miss the orc.
The orc priest looks encouraged for a moment.
The orc hits you but does no damage.
You slash the orc!
You kill the orc!
The orc hits you but does no damage. The orc closely misses you.
You slash the orc priest!
The orc priest is severely wounded.
You block the orc priest's attack. The endoplasm freezes you.
You are frozen.
The orc hits you but does no damage. x2
You closely miss the orc priest.
The orc priest is severely wounded.
The orc priest hits you with a +0 mace. You block the endoplasm's attack.
The orc hits you but does no damage. The orc barely misses you.
You are too injured to fight recklessly!
You are too injured to fight recklessly!
You are too injured to fight recklessly!
You are too injured to fight recklessly!
You are too injured to fight recklessly!
You barely miss the orc priest.
The orc priest is heavily wounded.
The orc priest mumbles some strange prayers to Beogh against you.
Beogh smites you!
* * * LOW HITPOINT WARNING * * *
The orc hits you with a +0 flail.
* * * LOW HITPOINT WARNING * * *
The endoplasm hits you but does no damage.
The orc closely misses you.
The orc priest attacks as you move away!
The orc priest hits you with a +0 mace!
You die...

#.###.# #.# ......# #.#
### #.##### #.# .. #.#
#.# .# #.
#.############.##.# ..
....#.............##.#
###.#.#######.##.....##
# #.#.# #.##.J....#.
###.#.# #.##@o......
.<..#.# #.##oo....##
......# #.##.....##
###.### #.##.#.#.# #.#
#.##.#.#.# #.# #.#.# #
#.# ..... ... ... # ...


You could see an orc priest, 2 orcs and an endoplasm.

Vanquished Creatures
  Pargi (Sewer)
  A scorpion (D:3)
  2 hounds
  Jessica (D:2)
  An iguana (D:3)
  6 adders
  2 worms
  4 orcs
  10 endoplasms
  3 giant cockroaches
  5 goblins
  7 hobgoblins
  5 jackals
  5 quokkas
  5 ball pythons
  A bat (D:3)
  12 frilled lizards
  6 kobolds
  5 rats
82 creatures vanquished.

Notes
Turn   | Place    | Note
-------+----------+-------------------------------------------
     0 | D:1      | mopl the Merfolk Fighter began the quest for the Orb.
     0 | D:1      | Reached XP level 1. HP: 18/18 MP: 1/1
   150 | D:1      | Reached skill level 3 in Long Blades
   178 | D:1      | Reached XP level 2. HP: 24/24 MP: 2/2
   358 | D:1      | Reached skill level 4 in Long Blades
   435 | D:1      | Reached XP level 3. HP: 29/29 MP: 3/3
  1191 | D:2      | Noticed Jessica
  1199 | D:2      | HP: 1/29 [Jessica/nerve-wracking pain (8)]
  1202 | D:2      | Killed Jessica
  1203 | D:2      | Reached skill level 5 in Long Blades
  1203 | D:2      | Reached XP level 4. HP: 3/35 MP: 4/4
  1648 | D:3      | Reached skill level 6 in Long Blades
  1648 | D:3      | Reached XP level 5. HP: 40/41 MP: 5/5
  1845 | D:3      | HP: 1/41 [worm (9)]
  1972 | D:3      | Found the +0 mask of the Dragon {Will+ Slay+3 SInv}
  1991 | D:3      | Found a glowing drain.
  1996 | Sewer    | Entered a sewer
  2092 | Sewer    | Noticed Pargi
  2118 | Sewer    | Killed Pargi
  2119 | Sewer    | Reached skill level 7 in Long Blades
  2119 | Sewer    | Reached XP level 6. HP: 22/47 MP: 6/6
  2463 | D:3      | Reached skill level 8 in Long Blades
  2739 | D:4      | Slain by an orc priest

Illustrated notes

Levels and vault maps discovered:
D:1:      dpeg_arrival_boxes_within_box, layout_rooms
D:2:      layout_basic, minivault_11, grunt_ministairs_7, uniq_jessica
D:3:      layout_rooms, portal_sewer_entry_e, st_stairs_11,
          hangedman_abyss_or_decor_lesser_grid, nrook_mini_backslash
D:4:      layout_loops_ring, serial_shops, shop

Skill      XL: |  1  2  3  4  5  6 |
---------------+-------------------+-----
Long Blades    | 3 4 5 6 7 8 |  8.5
Fighting       | |  3.2
Armour         | |  2.1
Shields        | |  3.0

Action                     |  1- 3 |  4- 6 || total
---------------------------+-------+-------++-------
  Melee: Long sword        |   158 |   155 ||   313
         Tailslap          |       |     6 ||     6
 Armour: Scale mail        |    61 |    49 ||   110
         Chain mail        |       |    30 ||    30
  Dodge: Dodged            |    53 |    90 ||   143
  Block: Buckler           |    33 |    54 ||    87

Table legend: (Time is in decaauts)
 A = Elapsed time spent in this place.
 B = Non-inter-level travel time spent in this place.
 C = Inter-level travel time spent in this place.
 D = Time resting spent in this place.
 E = Time spent auto-exploring this place.
 F = Levels seen in this place.
 G = Mean time per level.
                   A        B        C        D        E       F      G
               +--------+--------+--------+--------+--------+-----+--------+
         Total |   2728 |   2621 |    107 |    243 |   1394 |   5 |  545.6 |
       Dungeon |   2541 |   2434 |    107 |    243 |   1297 |   4 |  635.2 |
         Sewer |    187 |    187 |      0 |      0 |     97 |   1 |  187.0 |
               +--------+--------+--------+--------+--------+-----+--------+

Top non-repeatable levels by time:
     D:2: 1097 daAuts
     D:3: 801 daAuts
     D:1: 486 daAuts
   Sewer: 187 daAuts
     D:4: 157 daAuts
